 Seeded DCSS version 0.30.0-15-g856e2d3f33 (webtiles) character file.

Game seed: 12735965570273765983 (custom seed)

197 Pimp the Ducker (level 5, 0/39 HPs)
             Began as a Merfolk Wanderer on May 19, 2023.
             Slain by a gnoll bouda
             ... wielding a +0 whip
              (5 damage)
             ... on level 4 of the Dungeon.
             The game lasted 00:07:06 (2960 turns).

Pimp the Ducker (Merfolk Wanderer)                  Turns: 2960, Time: 00:07:07

Health: 0/39       AC:  8    Str: 12    XL:     5   Next: 75%
Magic:  6/6        EV: 14    Int: 18    God:
Gold:   126        SH:  4    Dex: 16    Spells: 4/4 levels left

rFire   . . .        a - +0 sling
rCold   . . .        g - +0 buckler of the New World {Int+7}
rNeg    . . .        b - +2 leather armour
rPois   .            m - +0 helmet
rElec   .            (no cloak)
rCorr   .            i - +1 pair of gloves
SInv    .            (no boots)
Will    .....        (no amulet)
Stlth   +            (no ring)
HPRegen 0.26/turn    (no ring)
MPRegen 0.10/turn

%: no passive effects
@: weakened
A: (nimble swimmer 2), mertail
a: no special abilities


You were on level 4 of the Dungeon.
You visited 1 branch of the dungeon, and saw 4 of its levels.

You collected 126 gold pieces.

Inventory:

Hand Weapons
 a - a +0 sling (weapon)
Armour
 b - a +2 leather armour (worn)
 d - the +8 orange crystal plate armour {Archmagi, Int+3 Clar}
   (You acquired it on level 1 of the Dungeon)

   Int:       It affects your intelligence (+3).
   Clar:      It protects you from confusion, rage, mesmerisation and fear.
 g - the +0 buckler of the New World (worn) {Int+7}
   (You acquired it on level 1 of the Dungeon)

   Int:       It affects your intelligence (+7).
 i - a +1 pair of gloves (worn)
 m - a +0 helmet (worn)
Wands
 s - a wand of iceblast (8)
Scrolls
 e - 3 scrolls of identify {unknown}
 h - a scroll of vulnerability {unknown}
 j - a scroll of noise {unknown}
 k - a scroll of blinking
 l - a scroll of teleportation {unknown}
 n - a scroll of silence {unknown}
 p - a scroll of fear {unknown}
 u - a scroll of poison {unknown}
Potions
 c - 2 potions of attraction
 o - a potion of berserk rage {unknown}
 q - a potion of curing {unknown}
 r - a potion of haste
 t - a potion of lignification {unknown}


   Skills:
 + Level 2.3 Fighting
 + Level 2.3 Ranged Weapons
 * Level 2.3 Armour
 + Level 7.2 Dodging
 + Level 1.2 Shields
 + Level 2.4 Invocations


You had 4 spell levels left.
You didn't know any spells.
Your spell library was empty.

Dungeon Overview and Level Annotations

Branches:
Dungeon (5/15)
 Temple: D:4-7

Altars:
Dithmenos
Fedhas
Hepliaklqana
Qazlal
Uskayaw
Vehumet
Wu Jian
Yredelemnul


Innate Abilities, Weirdness & Mutations

((You are very nimble when in or above water. (Stealth+, EV+, Speed+++)))
Your lower body shifts to a powerful aquatic tail in water.


Message History

The gnoll bouda is severely wounded.
You block the gnoll bouda's attack.
You shoot a sling bullet. The sling bullet hits the gnoll bouda.
The gnoll bouda is severely wounded.
The gnoll bouda gazes fiercely through you!
You feel your attacks grow feeble. You block the gnoll bouda's attack.
You shoot a sling bullet.
The sling bullet hits the gnoll bouda but does no damage.
The gnoll bouda is severely wounded.
The gnoll bouda closely misses you.
The gnoll bouda gazes fiercely through you!
You feel as though you will be weak longer.
The gnoll bouda hits you but does no damage.
You shoot a sling bullet.
The sling bullet hits the gnoll bouda but does no damage.
The gnoll bouda is severely wounded.
The gnoll bouda prays to its god.
The gnoll bouda is healed somewhat.
You shoot a sling bullet. The sling bullet hits the gnoll bouda.
The gnoll bouda is heavily wounded.
The gnoll bouda misses you.
You shoot a sling bullet. The sling bullet hits the gnoll bouda.
The gnoll bouda is almost dead.
The gnoll bouda barely misses you.
The gnoll bouda hits you with a +0 whip!
* * * LOW HITPOINT WARNING * * *
You shoot a sling bullet. The sling bullet hits the gnoll bouda.
The gnoll bouda is almost dead.
The gnoll bouda barely misses you.
You shoot a sling bullet.
The sling bullet hits the gnoll bouda but does no damage.
The gnoll bouda is almost dead.
The gnoll bouda barely misses you.
The gnoll bouda hits you with a +0 whip.
* * * LOW HITPOINT WARNING * * *
Unknown command.
It was a potion of magic.
Magic courses through your body.
The gnoll bouda hits you with a +0 whip.
You die...

#...# ##...# ##...### #......#
##....##### ### #.....##.#
####.##### ###)..##.##
##.##..##.######)##...###
#..#....#.##.##.@.......######
................)g.......#...##
........................#.....#
#.........#..###..........#..##
..........#..##..............####
+###+###.....##..#......###..#...
....#..#......#.....#...##.......
....#..#........#####..####.###..
+###'..+.....#..# #.....####.#[.#


You could see a gnoll bouda.

Vanquished Creatures
  A hound (D:5)
  A sleepcap (D:5)
  Terence (D:2)
  2 adders (D:2)
  3 gnolls (D:4)
  A worm (D:2)
  5 orcs
  6 ball pythons
  A bat (D:2)
  4 endoplasms
  A giant cockroach (D:4)
  3 goblins
  5 hobgoblins
  7 jackals
  6 quokkas
  3 frilled lizards
  5 kobolds
  4 rats
59 creatures vanquished.

Notes
Turn   | Place    | Note
-------+----------+-------------------------------------------
     0 | D:1      | Pimp the Merfolk Wanderer began the quest for the Orb.
     0 | D:1      | Pimp set off with the following items: a +0 sling, a +2
                  | leather armour, 2 potions of attraction.
     0 | D:1      | Reached XP level 1. HP: 15/15 MP: 1/1
    40 | D:1      | Identified 2 scrolls of acquirement
    40 | D:1      | Acquired the +0 buckler of the New World {Int+7}
    42 | D:1      | Acquired the +8 orange crystal plate armour {Archmagi,
                  | Int+3 Clar}
    42 | D:1      | Found the +8 orange crystal plate armour {Archmagi, Int+3
                  | Clar}
   367 | D:1      | Reached XP level 2. HP: 21/21 MP: 2/2
   834 | D:1      | Reached XP level 3. HP: 27/27 MP: 4/4
  1220 | D:2      | Found a stormy altar of Qazlal.
  1239 | D:2      | Noticed Terence
  1257 | D:2      | Killed Terence
  1408 | D:2      | Reached XP level 4. HP: 33/33 MP: 5/5
  1432 | D:2      | Reached skill level 7 in Dodging
  1881 | D:2      | You fall into a shaft and drop 2 floors!
  1984 | D:4      | Found a shadowy altar of Dithmenos.
  2007 | D:4      | Found a blossoming altar of Fedhas.
  2022 | D:4      | Found a hazy altar of Hepliaklqana.
  2081 | D:4      | Found a radiant altar of Vehumet.
  2243 | D:4      | Found a basalt altar of Yredelemnul.
  2450 | D:5      | Entered Level 5 of the Dungeon
  2484 | D:5      | Reached XP level 5. HP: 18/38 MP: 6/6
  2615 | D:5      | Reached skill level 1 in Shields
  2769 | D:5      | Found an ornate altar of the Wu Jian Council.
  2806 | D:5      | Found a hide-covered altar of Uskayaw.
  2960 | D:4      | Slain by a gnoll bouda

Illustrated notes

Levels and vault maps discovered:
D:1:      dpeg_arrival_long_road, layout_loops_cross, hex_tiny
D:2:      minmay_evil_eye, layout_basic, basic_altar, minmay_ruptured,
          uniq_terence
D:4:      layout_cave_pools, mainiacjoe_overflow_brackets,
          mainiacjoe_overflow_24_doors, mainiacjoe_overflow_catwalk, minitemple
D:5:      layout_basic, eat_drink_and_be_merry_uskayaw, kennysheep_little_box,
          minmay_temple_entry_glassed_door, gammafunk_ghost_smash, minivault_25

Skill      XL: |  1  2  3  4  5 |
---------------+----------------+-----
Ranged Weapons | 2 |  2.3
Fighting       | 2 |  2.3
Dodging        | 7 |  7.2
Invocations    | 2 |  2.4
Armour         | 2 |  2.3
Shields        | 1 |  1.2

Action                     |  1- 3 |  4- 6 || total
---------------------------+-------+-------++-------
   Fire: Sling             |   122 |   186 ||   308
    Use: Scroll            |     3 |       ||     3
         Potion            |     2 |     1 ||     3
 Armour: Crystal plate arm |    40 |       ||    40
         Leather armour    |    24 |    45 ||    69
  Dodge: Dodged            |    68 |   124 ||   192
  Block: Buckler           |    17 |    30 ||    47
